 Dungeon Crawl Stone Soup version bcrawl-1.37.2 (webtiles) character file.

Game seed: 1504910828767539250

18225139 Artagas the Slayer (level 27, 260/261 HPs)
             Began as an Oni Summoner on Nov 21, 2022.
             Was a High Priest of Wu Jian.
             Escaped with the Orb
             ... and 3 runes on Nov 22, 2022!
             The game lasted 04:15:29 (53757 turns).

Artagas the Slayer (Oni Summoner)                  Turns: 53757, Time: 04:15:29

Health: 260/261    AC: 32    Str: 29      XL:     27
Magic:  38/38      EV: 30    Int: 18      God:    Wu Jian [*****.]
Gold:   1946       SH: 31    Dex: 22 (23) Spells: 28/36 levels left

rFire    + + .     GDR:     44% a - +16 sapphire dagger {flash freeze, rF- rC++ MR+}
rCold    + + .     SeeInvis .   l - +6 medium shield
rNeg     . . .     Gourm    .   A - +6 fire dragon scales of Xtahua {rF+++ rC- MR+}
rPois    .         Faith    .   u - +2 hat
rElec    +         Spirit   .   C - +2 cloak {+Inv}
rCorr    .         Reflect  +   O - +1 pair of gauntlets of War {Slay+6}
MR       ++++.                  b - +2 pair of boots {Stlth++}
Stlth    +.........             E - brooch of Shielding {Reflect SH+8}
HPRegen  0.53/turn              Y - ring of Tivec {Wiz rElec Str+2 Dex+7}
MPRegen  0.26/turn              G - ring "Xeolihoh" {rC+ Str+6 Dex+2}

@: no status effects
A: oni magic, claws 1, fangs 1, horns 1, deterioration 1
0: Orb of Zot
}: 3/15 runes: decaying, barnacled, silver
a: Wall Jump, Serpent's Lash, Heavenly Storm, Renounce Religion, Evoke
Invisibility


You escaped.
You worshipped Wu Jian.
Wu Jian was extremely pleased with you.
You were not hungry.

You visited 10 branches of the dungeon, and saw 42 of its levels.
You visited the Abyss 1 time.
You visited 1 bazaar.
You visited 1 ziggurat, and saw 17 of its levels.
You also visited: Trove, Sewer and Ice Cave.

You collected 9684 gold pieces.
You spent 7738 gold pieces at shops.

Inventory:

Hand Weapons
 a - the +16 sapphire dagger (weapon) {flash freeze, rF- rC++ MR+}
   (You bought it in a shop on level 4 of the Dungeon)

   It has been specially enchanted to freeze those struck by it, increasing
   damage dealt by approximately one third against foes not resistant or
   susceptible to cold, and potentially slowing cold-blooded foes.
   It makes you vulnerable to fire.
   It greatly protects you from cold.
   It affects your resistance to hostile enchantments.
 i - the +7 Spriggan's Knife {stab, EV+4 Stlth+}
   (You found it on level 15 of a ziggurat)

   It affects your evasion (+4).
   It makes you more stealthy.
Missiles
 T - 7 throwing nets {=f}
Armour
 b - a +2 pair of boots of stealth (worn)
   (You bought it in a shop in a bazaar)
 k - the -2 cloak "Oroefisu" {rC- MR+ Regen+ Dex+4}
   (You bought it in a shop on level 2 of the Vaults)

   It affects your dexterity (+4).
   It makes you vulnerable to cold.
   It affects your resistance to hostile enchantments.
   It increases your rate of regeneration.
 l - a +6 medium shield (worn)
   (You took it off a vault guard on level 3 of the Vaults)
 r - the +10 large shield of Ignorance {rN+ Int-4}
   (You found it on level 3 of the Elven Halls)

   It affects your intelligence (-4).
   It protects you from negative energy.
 u - a +2 hat (worn)
   (You bought it in a shop in the Orcish Mines)
 A - the +6 fire dragon scales of Xtahua (worn) {rF+++ rC- MR+}
   (You found it on level 5 of the Depths)

   It renders you almost immune to fire.
   It makes you vulnerable to cold.
   It affects your resistance to hostile enchantments.
 C - a +2 cloak of invisibility (worn)
   (You found it on level 5 of the Lair of Beasts)
 O - the +1 pair of gauntlets of War (worn) {Slay+6}
   (You bought it in a shop in the Orcish Mines)

   It affects your accuracy and damage with ranged weapons and melee attacks
   (+6).
 V - the +11 gold dragon scales of Douc {rPois rF+ rC+ Stlth+}
   (You bought it in a shop on level 4 of the Dungeon)

   It protects you from fire.
   It protects you from cold.
   It protects you from poison.
   It makes you more stealthy.
Jewellery
 j - the ring "Qeelej" {rPois Dex+3}
   (You took it off a deep elf blademaster on level 3 of the Elven Halls)

   [ring of poison resistance]

   It affects your dexterity (+3).
   It protects you from poison.
 m - an uncursed ring of protection from magic
   (You found it on level 14 of a ziggurat)
 p - the ring of Shadows {Umbra +Inv rN+ Stlth++}
   (You found it on level 9 of a ziggurat)

   [ring of stealth]

   It protects you from negative energy.
   It lets you turn invisible.
   It makes you much more stealthy.
 E - the brooch of Shielding (around neck) {Reflect SH+8}
   (You found it on level 9 of a ziggurat)

   [amulet of reflection]

   It shields you and reflects attacks.
   It affects your SH (+8).
 F - the macabre finger necklace {rN+}
   (You found it on level 1 of the Depths)

   [amulet of nothing]

   It protects you from negative energy.
 G - the ring "Xeolihoh" (right hand) {rC+ Str+6 Dex+2}
   (You found it on level 3 of the Shoals)

   [ring of strength]

   It affects your strength (+6).
   It affects your dexterity (+2).
   It protects you from cold.
 L - the ring "Toicim" {*Slow rPois rF+ Dex+8 SInv}
   (You found it on level 3 of the Vaults)

   [ring of poison resistance]

   It affects your dexterity (+8).
   It protects you from fire.
   It protects you from poison.
   It lets you see invisible.
   It may slow you when you take damage.
 Y - the ring of Tivec (left hand) {Wiz rElec Str+2 Dex+7}
   (You bought it in a shop on level 1 of the Vaults)

   [ring of wizardry]

   It improves your spell success rate.
   It affects your strength (+2).
   It affects your dexterity (+7).
   It insulates you from electricity.
Wands
 f - a wand of iceblast (71)
   (You found it in a treasure trove)
 v - a wand of digging (33)
   (You found it on level 3 of the Dungeon)
 K - a wand of paralysis (31)
   (You found it on level 8 of the Dungeon)
 U - a wand of acid (25)
   (You found it on level 6 of the Lair of Beasts)
 W - a wand of charming (13)
   (You found it in a treasure trove)
Scrolls
 c - 3 scrolls of summoning
 g - 7 scrolls of vulnerability
 t - 27 scrolls of teleportation
 x - 19 scrolls of remove curse
 z - 9 scrolls of blinking
 M - 8 scrolls of fog
 N - 7 scrolls of fear
 X - 3 scrolls of silence
Potions
 d - 4 potions of might
 h - 6 potions of haste
 n - 2 potions of resistance
 o - 12 potions of mutation
 q - 10 potions of curing
 s - 8 potions of agility
 w - 8 potions of heal wounds
 y - 2 potions of lignification
 J - 10 potions of flight
 Q - 3 potions of cancellation
 S - 4 potions of magic
 Z - a potion of invisibility
Miscellaneous
 B - 4 phantom mirrors
 H - a lamp of fire
   (You found it on level 3 of the Elven Halls)
 I - a lightning rod (4/4)
   (You found it on level 3 of the Vaults)
 P - a fan of gales (2/2)
   (You found it on level 3 of the Elven Halls)
 R - 4 boxes of beasts
Comestibles
 e - 39 rations {!d}


   Skills:
 - Level 24.0 Fighting
 - Level 11.0 Short Blades
 - Level 18.0 Armour
 + Level 23.0 Dodging
 - Level 3.4 Stealth
 - Level 19.0 Shields
 - Level 19.0 Unarmed Combat
 - Level 5.0 Spellcasting
   Level 5.0 Conjurations
   Level 5.0 Hexes
   Level 5.0 Charms
   Level 5.0 Summonings
   Level 5.0 Necromancy
   Level 5.0 Translocations
   Level 5.0 Transmutations
   Level 5.0 Fire Magic
   Level 5.0 Ice Magic
   Level 5.0 Air Magic
   Level 5.0 Earth Magic
   Level 5.0 Poison Magic
 - Level 19.0 Evocations


You had 28 spell levels left.
You knew the following spells:

 Your Spells              Type           Power        Failure   Level  Hunger
a - Summon Small Mammal   Summ           ####         2%          1    None
b - Summon Ice Beast      Ice/Summ       ###.....     34%         4    #####..
c - Call Canine Familiar  Summ           ####....     9%          3    ###....

Your spell library contained the following spells:

 Spells                   Type           Power        Failure   Level  Hunger
 Flame Tongue             Conj/Fire      ###..        4%          1    None
 Call Imp                 Summ           ####..       4%          2    None
 Portal Projectile        Tloc           ####..       9%          3    ###....
 Agony                    Necr           ####....     26%         4    #####..
 Blade Hands              Tmut           ####......   56%         5    ######.
 Piercing Shot            Chrm           ####......   56%         5    ######.
 Summon Lightning Spire   Summ/Air       ###.....     67%         5    ######.
 Bolt of Cold             Conj/Ice       ###.......   99%         6    #######
 Conjure Ball Lightning   Conj/Air       ###.......   99%         6    #######
 Iron Shot                Conj/Erth      ###.......   99%         6    #######
 Simulacrum               Ice/Necr       ###.....     99%         6    #######
 Borgnjor's Revivificati  Necr           ####......   100%        8    #######
 Glaciate                 Conj/Ice/Air   ###.......   100%        8    #######
 Summon Horrible Things   Summ           ####......   100%        8    #######
 Time Stop                Chrm/Tloc      N/A          100%        8    #######


Dungeon Overview and Level Annotations

Branches:
Dungeon (12/12)            Temple (1/1) D:5            Lair (6/6) D:8
  Swamp (3/3) Lair:4       Shoals (3/3) Lair:2        Slime (0/5) Lair:6
    Orc (1/1) D:9             Elf (3/3) Orc          Vaults (3/3) D:12
  Crypt (0/2) Vaults:2     Depths (5/5) D:12            Zot (5/5) Depths:5

Altars:
Ashenzari
Cheibriados
Dithmenos
Fedhas
Gozag
Hepliaklqana
Kikubaaqudgha
Lugonu
Makhleb
Nemelex Xobeh
Okawaru
Qazlal
Ru
Sif Muna
Trog
Uskayaw
Vehumet
Wu Jian
Xom
Yredelemnul
Jiyva

Shops:
D:4 [*?[   D:7 !:   Orc ([%*   Elf:1 =   Elf:2 }   Vaults:1 *   Vaults:2 [}
Vaults:3 [[((   Zot:1 *

Portals:
Hell: Depths:1 Depths:5
Abyss: Depths:1

Annotations:
D:5 exclusion: door, Grinder
D:6 2 transporters, diana's ghost, novice SDGl
Lair:6 1 runed door
Depths:2 exclusion: 2 doors


Innate Abilities, Weirdness & Mutations

You learn spells by gaining experience, not through books or religion.
You only train spellcasting to practice magic.
You have sharp fingernails.
You have very sharp teeth.
You have a pair of small horns on your head.
Your body sometimes deteriorates upon taking damage.


Message History

There is a stone staircase leading down here.
There is a stone staircase leading up here.
You climb upwards.
There is a stone staircase leading down here.
An Orb Guardian comes into view.
The Orb Guardian gazes at you. You resist with almost no effort.
There is a stone staircase leading up here.
You block the Orb Guardian's attack.
A rune on the stairs sparks and fizzles.
You climb upwards.
There is a stone staircase leading down here.
(D) Dungeon (T) Temple (L) Lair (S) Swamp (A) Shoals (M) Slime Pits (O) Orcish Mines (E) Elven Halls (V) Vaults (C) Crypt (U) Depths (H) Hell (Z) Zot
Where to? (Enter - D:1 @ (x,y), ? - help)
Okay, then.
(D) Dungeon (T) Temple (L) Lair (S) Swamp (A) Shoals (M) Slime Pits (O) Orcish Mines (E) Elven Halls (V) Vaults (C) Crypt (U) Depths (H) Hell (Z) Zot
Where to? (Enter - D:1 @ (x,y), ? - help)
What level of the Dungeon? (default 1, ? - help)
There is a stone staircase leading up here.
You climb upwards.
There is a stone staircase leading down here.
A sixfirhy, an orange demon and a cacodemon come into view.
A rust devil comes into view.
The rust devil screeches!
The orange demon screeches!
You spin and attack the orange demon repeatedly.
You impale the orange demon!! You freeze the orange demon.
The orange demon is encased in ice.
The orange demon is slowed by the cold.
You headbutt the orange demon!
The orange demon is severely wounded.
You impale the orange demon!! You freeze the orange demon.
You kill the orange demon!
The Council accepts your kill. You block the sixfirhy's attack.
The sixfirhy completely misses you.
You feel the corruption within you wane completely.
You feel more energetic. x2
You spin and attack the sixfirhy repeatedly.
You impale the sixfirhy!! You freeze the sixfirhy!
You kill the sixfirhy!
The Council accepts your kill.
Your life force feels restored.
You spin and attack the rust devil repeatedly.
You puncture the rust devil! You freeze the rust devil.
The rust devil is encased in ice.
You headbutt the rust devil.
The rust devil is moderately wounded.
You puncture the rust devil! You freeze the rust devil.
You headbutt the rust devil, but do no damage.
You bite the rust devil.
The rust devil is severely wounded.
You block the cacodemon's attack. The cacodemon hits you!
The cacodemon corrodes you! You block the rust devil's attack.
You spin and attack the rust devil.
You puncture the rust devil! You freeze the rust devil.
You kill the rust devil!
The Council accepts your kill.
You spin and attack the cacodemon repeatedly.
You impale the cacodemon!! You freeze the cacodemon.
The cacodemon is encased in ice.
The cacodemon is slowed by the cold.
The cacodemon is moderately wounded.
You impale the cacodemon!! You freeze the cacodemon!
The cacodemon is slowed by the cold.
You headbutt the cacodemon!
The cacodemon is severely wounded.
The cacodemon gestures at you. The bolt of energy misses you.
You spin and attack the cacodemon repeatedly.
You puncture the cacodemon! You freeze the cacodemon.
The cacodemon is slowed by the cold.
You bite the cacodemon.
The cacodemon is almost dead.
You stick the cacodemon like a pincushion!!!
You freeze the cacodemon.
You kill the cacodemon!
The Council accepts your kill.
Your Dodging skill increases to level 23!
(D) Dungeon (T) Temple (L) Lair (S) Swamp (A) Shoals (M) Slime Pits (O) Orcish Mines (E) Elven Halls (V) Vaults (C) Crypt (U) Depths (H) Hell (Z) Zot
Where to? (Enter - D:1 @ (x,y), ? - help)
Okay, then.
There is an open door here.
You are no longer corroded.
You open the large door.
There is a large open door here.
There is a large open door here.
Magic restored.
There is a staircase leading out of the dungeon here.
Evoke which item? (* to show all) (? for menu, Esc to quit)
You open the lid... ...and an elder firebat beast flies out!
Evoke which item? (* to show all) (? for menu, Esc to quit)
You open the lid... ...and an elder fireweird beast leaps out!
The now-empty box falls apart.
The power of the Orb breaks the dimensional shunt like a soap bubble!
You have escaped!

......########........##.........
......## ###########.........
#......# ##############.........
###....# #...........##.........
# #....# #...........##.........
# #....# #...........###........
###....####...........# #........
.........##....H......###........
###......''.....@H....'..........
#......##...........##.........
#......##...........##.........
#......##...........##.........
#......##...........##.........
#......##...........##.#.######
#......###############.#.#
#......# ############.#.#
######## #........#.....#


You could see 2 friendly mutant beasts.

Vanquished Creatures
  3 juggernauts
  7 orbs of fire
  4 ancient liches (Zot:5)
  Mennas (Depths:5)
  Xtahua (Depths:5)
  2 pandemonium lords
  12 Killer Klowns
  8 golden dragons
  A shard shrike (Zig:1)
  11 caustic shrikes
  Gastronok (Orc)
  A curse toe (Zot:5)
  Nikola (Swamp:2)
  6 rockslimes
  A Brimstone Fiend (Zig:8)
  2 Orb Demons
  2 electric golems (Zot:5)
  A Shadow Fiend (Zot:1)
  An Ice Fiend (D:10)
  24 Orb Guardians
  Jorgrun (Elf:2)
  11 tentacled monstrosities
  2 liches
  3 deep elf blademasters
  Asterion (Elf:2)
  4 deep elf master archers
  5 quicksilver dragons
  5 titans (Depths:5)
  4 acid blobs (Zig:14)
  A kraken (Shoals:2)
  A tentacled starspawn (Zig:5)
  A shadow dragon (shapeshifter) (Zig:12)
  Kirke (Lair:5)
  4 death cobs
  2 draconian monks (Zot:1)
  3 thorn hunters
  A storm dragon (shapeshifter) (Zig:12)
  4 tengu reavers (Vaults:3)
  3 shadow dragons
  An ancient champion (Vaults:2)
  6 sphinxes
  12 storm dragons
  Roxanne (Elf:2)
  An azure jelly (shapeshifter) (Zig:12)
  A balrug (Zig:8)
  The ghost of dscm the Swashbuckler, an adept KoAc of Uskayaw (Elf:3)
  10 frost giants
  A frost giant (shapeshifter) (Zig:12)
  5 fire giants
  7 deep elf sorcerers
  4 azure jellies (Zig:14)
  3 draconian knights
  5 ghost moths
  2 iron dragons (Depths:5)
  2 war gargoyles
  2 cacodemons
  An orc warlord (Vaults:2)
  13 vault wardens
  An emperor scorpion (shapeshifter) (Elf:1)
  2 draconian stormcallers
  3 draconian shifters
  2 emperor scorpions
  17 ironheart preservers
  8 deep elf elementalists (Elf:3)
  2 spriggan defenders (Depths:5)
  5 eyes of devastation
  4 draconian annihilators
  18 stone giants
  A draconian scorcher (Zot:3)
  A blood saint (Zig:8)
  Nessos (D:12)
  27 very ugly things
  7 green draconians
  10 yellow draconians
  A lorocyproca (Zig:8)
  6 deep elf demonologists
  11 deep elf annihilators
  3 red draconians
  14 dire elephants
  6 entropy weavers
  6 black draconians
  3 vampire knights
  7 white draconians
  7 spark wasps
  3 purple draconians
  11 deep elf death magi
  A blizzard demon (Zig:5)
  12 ettins
  9 fire dragons
  8 merfolk javelineers
  2 crystal guardians
  9 green deaths
  6 deep elf high priests
  13 yaktaur captains
  Josephine (Orc)
  A jiangshi (Vaults:2)
  32 vault guards
  Fannar (Orc)
  12 ice dragons
  7 rakshasas
  5 merfolk impalers
  23 hydras
  3 ghost crabs
  An alligator snapping turtle (Shoals:3)
  Harold (D:9)
  5 catoblepae
  6 merfolk avatars
  3 shambling mangroves
  A great orb of eyes (shapeshifter) (Zig:12)
  Erica (D:11)
  8 great orbs of eyes
  2 shadow wraiths
  A death knight (Vaults:1)
  2 anacondas
  12 ogre magi
  34 dancing weapons
  Sonja (Lair:4)
  4 merfolk aquamancers
  5 spriggan air magi
  14 alligators
  A satyr (Shoals:3)
  45 two-headed ogres
  2 hell hogs
  4 tengu warriors
  A queen ant (Lair:6)
  12 death yaks
  8 deep troll shamans
  A vampire mage (Depths:1)
  9 spriggan berserkers
  12 sea snakes
  A sea snake (shapeshifter) (Zig:6)
  5 thrashing horrors
  4 ironheart beastmasters (Vaults:1)
  10 deep troll earth magi
  2 orc high priests
  A soul eater (Depths:5)
  25 deep trolls
  25 deep elf knights
  3 fire crabs (Shoals:2)
  21 centaur warriors
  3 sixfirhies
  A hell knight (Vaults:2)
  A wretched star (Zig:6)
  A death drake (shapeshifter) (Vaults:3)
  A torturous demonspawn (Zig:8)
  3 spatial maelstroms
  7 unseen horrors
  2 death drakes
  A cherub (D:8)
  A shadow demon (Zig:8)
  2 glowing orange brains (Depths:5)
  2 flayed ghosts
  A gelid demonspawn (D:10)
  An obsidian statue (Zig:7)
  13 wizards
  17 deep elf archers
  4 wolf spiders
  Pikel (D:9)
  7 cyclopes
  2 orange crystal statues (Zig:7)
  18 harpies
  A lindwurm (shapeshifter) (Zig:12)
  9 swamp dragons
  15 ironheart convokers
  5 orc knights
  5 phantasmal warriors
  An orb spider (shapeshifter) (Vaults:2)
  48 ugly things
  A mana viper (shapeshifter) (Vaults:3)
  A necromancer (IceCv)
  3 orb spiders
  20 moths of wrath
  2 shining eyes (Zig:14)
  7 manticores
  4 fauns
  An orc sorcerer (Zig:6)
  72 deep elf magi
  3 worldbinders
  2 apocalypse crabs
  An elephant (Lair:3)
  A water nymph (Shoals:1)
  6 will-o'-wisps
  An ice statue (IceCv)
  10 merfolk sirens
  A black mamba (shapeshifter) (Depths:1)
  9 vault sentinels
  5 black mambas
  2 rust devils
  3 orange demons
  A gargoyle (D:9)
  17 cane toads
  2 smoke demons (Abyss:1)
  2 storm dragon simulacra
  3 torpor snails
  3 demonic crawlers
  3 jumping spiders
  2 hellions
  A yaktaur (shapeshifter) (Depths:5)
  3 efreet
  16 freezing wraiths
  46 yaktaurs
  2 eyes of draining
  5 komodo dragons
  A komodo dragon (shapeshifter) (Vaults:3)
  2 rime drakes
  A tormentor (Abyss:1)
  An eye of draining (shapeshifter) (Vaults:3)
  An ancient zyme (Abyss:1)
  A tengu conjurer (D:12)
  Maurice (Orc)
  3 meliai (D:12)
  A troll (shapeshifter) (Elf:1)
  A polar bear (Lair:6)
  A merfolk (shapeshifter) (Zig:12)
  29 merfolk
  A meliai (shapeshifter) (Vaults:1)
  17 tyrant leeches
  13 trolls
  4 wind drakes
  A harpy skeleton (D:12)
  26 blink frogs
  A dream sheep (shapeshifter) (Vaults:3)
  5 hippogriffs
  30 slime creatures
  7 snapping turtles
  2 raiju
  14 hornets
  17 dream sheep
  9 bog bodies
  9 air elementals
  5 tarantellas
  A tarantella (shapeshifter) (Vaults:3)
  6 spriggans
  A spriggan (shapeshifter) (Elf:1)
  9 wraiths
  A wyvern (shapeshifter) (Vaults:3)
  32 yaks
  15 water elementals
  An ushabti (Zig:16)
  A yak (shapeshifter) (Depths:1)
  2 wyverns
  4 ynoxinuls
  A golden eye (Zig:14)
  A human (shapeshifter) (Vaults:1)
  A black mamba skeleton (D:10)
  3 hogs (Lair:5)
  2 basilisks
  5 chaos spawn
  2 neqoxecs
  9 fire elementals
  A steam dragon (Lair:6)
  2 redbacks
  12 vampire mosquitoes
  A hungry ghost (D:11)
  3 human simulacra
  12 swamp worms
  9 large abominations
  8 spatial vortices
  An acid dragon (D:12)
  9 crocodiles
  3 floating eyes
  7 porcupines
  18 water moccasins
  24 soldier ants (Lair:6)
  10 orc warriors
  14 ice beasts
  A soldier ant (shapeshifter) (Vaults:3)
  2 slaves (D:9)
  14 swamp drakes
  A necrophage (D:9)
  2 sky beasts (D:10)
  A black bear (D:8)
  A black bear (shapeshifter) (Vaults:3)
  35 ogres
  14 wolves
  32 boggarts
  2 kobold brigands (D:8)
  11 bullfrogs
  5 earth elementals
  15 centaurs
  A hornet simulacrum (D:12)
  2 scorpions
  12 small abominations
  A spriggan zombie (Abyss:1)
  A water moccasin skeleton (D:5)
  A swamp dragon simulacrum (IceCv)
  4 wights (D:10)
  A howler monkey (D:7)
  6 orc priests
  7 electric eels
  6 starcursed masses
  5 crimson imps
  2 draconian simulacra (IceCv)
  2 iron imps (Abyss:1)
  7 hounds
  A jelly (D:9)
  4 iguanas
  4 orc wizards
  A spriggan simulacrum (IceCv)
  27 worker ants
  2 polar bear simulacra (IceCv)
  4 troll simulacra (IceCv)
  A wolf simulacrum (IceCv)
  2 mummies (Zig:16)
  A hound skeleton (D:9)
  8 gnolls
  6 naga simulacra (IceCv)
  5 ogre simulacra (IceCv)
  32 adders
  2 river rats (D:3)
  2 shadow imps
  12 white imps (IceCv)
  An ufetubus (Abyss:1)
  2 centaur simulacra (IceCv)
  An adder skeleton (D:5)
  2 worms
  A dart slug (D:2)
  2 leopard geckos (D:3)
  28 orcs
  A ball python (D:4)
  A goblin (D:3)
  2 hobgoblins
  4 jackals
  3 quokkas
  A bat (D:2)
  A frilled lizard (D:4)
  18 kobolds
  3 rats (Sewer)
  4 fire vortices (Depths:5)
  A fungus (Lair:4)
  2 plants
  A starspawn tentacle (Zig:5)
  3 tentacles (Shoals:2)
2109 creatures vanquished.

Vanquished Creatures (collateral kills)
  3 elephants
  A black mamba (Lair:2)
  A cane toad (Lair:2)
  5 komodo dragons
  2 trolls (D:8)
  Prince Ribbit (D:5)
  5 blink frogs
  5 yaks
  2 hogs (D:7)
  A basilisk (Lair:2)
  A human (D:7)
  Edmund (D:5)
  A water moccasin (D:8)
  2 porcupines
  4 black bears
  A slave (D:9)
  An orc warrior (D:6)
  2 sky beasts
  An ice beast (D:8)
  A phantom (D:3)
  A necrophage (D:4)
  2 wolves
  2 ogres
  2 bullfrogs
  3 kobold brigands
  2 gnoll sergeants
  5 centaurs
  2 scorpions
  A wight (D:8)
  2 howler monkeys
  2 bullfrog zombies
  A jelly (D:8)
  A hound (D:7)
  6 orc wizards
  2 gnoll shamans
  An iguana (D:6)
  5 worker ants
  2 hound skeletons
  8 adders
  13 gnolls
  3 river rats
  2 oozes
  3 worms (D:3)
  A dart slug (D:2)
  2 leopard geckos
  12 orcs
  2 ball pythons (D:2)
  A giant cockroach (D:2)
  3 goblins
  2 hobgoblins
  2 jackals (Sewer)
  24 kobolds
  2 quokkas
  A bat (D:1)
  A quokka skeleton (D:6)
  5 rats
170 creatures vanquished.

Vanquished Creatures (others)
  Boris (Depths:5)
  A green draconian (Zot:2)
  A fire dragon (Depths:5)
  A swamp dragon (Swamp:3)
  An ugly thing (Vaults:2)
  2 deep elf magi (Zig:10)
  A hornet (Swamp:1)
  A water elemental (Zig:10)
  An orc warrior (Orc)
  A slave (D:9)
  A crimson imp (D:9)
  An orc (Orc)
  2 briar patches (Swamp:1)
  51 fungi
  A lurking horror (Abyss:1)
  55 plants
  6 starspawn tentacles
  9 tentacles (Shoals:2)
137 creatures vanquished.

Grand Total: 2416 creatures vanquished

Notes
Turn   | Place    | Note
-------+----------+-------------------------------------------
     0 | D:1      | Reached skill level 3 in Spellcasting
     0 | D:1      | Artagas the Oni Summoner began the quest for the Orb.
     0 | D:1      | Reached XP level 1. HP: 14/14 MP: 6/6
   206 | D:1      | Reached skill level 2 in Stealth
   461 | D:1      | Reached skill level 1 in Fighting
   461 | D:1      | Reached XP level 2. HP: 21/23 MP: 8/8
   493 | D:1      | Learned a level 2 spell: Call Imp
   811 | D:2      | Noticed a howler monkey
   818 | D:2      | Killed a howler monkey
   819 | D:2      | Reached skill level 2 in Fighting
   819 | D:2      | Reached XP level 3. HP: 29/29 MP: 1/9
   887 | D:2      | Reached skill level 3 in Stealth
  1060 | D:2      | Reached XP level 4. HP: 36/36 MP: 6/10
  1236 | D:2      | Learned a level 3 spell: Call Canine Familiar
  1490 | D:3      | Found an ancient bone altar of Kikubaaqudgha.
  1538 | D:3      | Noticed a phantom
  1561 | D:3      | Killed a phantom
  1562 | D:3      | Reached skill level 3 in Fighting
  1562 | D:3      | Reached XP level 5. HP: 45/45 MP: 7/11
  1610 | D:3      | Reached skill level 4 in Fighting
  1737 | D:3      | Reached XP level 6. HP: 45/52 MP: 9/12
  1846 | D:3      | Found a glowing drain.
  1876 | Sewer    | Entered a sewer
  2221 | Sewer    | Found a glowing silver altar of Zin.
  2440 | D:3      | Reached skill level 4 in Spellcasting
  2796 | D:3      | Found a burning altar of Makhleb.
  2906 | D:3      | Found a blossoming altar of Fedhas.
  3106 | D:4      | Reached skill level 5 in Fighting
  3106 | D:4      | Reached XP level 7. HP: 61/61 MP: 2/15
  3113 | D:4      | Learned a level 4 spell: Summon Ice Beast
  3199 | D:4      | Reached skill level 2 in Dodging
  3325 | D:4      | Reached skill level 3 in Dodging
  3374 | D:4      | Reached skill level 6 in Fighting
  3431 | D:4      | Found Togoixt's Magic Scroll Shoppe.
  3439 | D:4      | Bought a scroll of blinking for 105 gold pieces
  3439 | D:4      | Bought a scroll of teleportation for 42 gold pieces
  3467 | D:4      | Found Ipseig's Antique Armour Shop.
  3527 | D:4      | Found Lorhar's General Store.
  3643 | D:4      | Found an iron altar of Okawaru.
  3860 | D:4      | Reached XP level 8. HP: 68/70 MP: 16/16
  4075 | D:4      | Found Adev's Armour Boutique.
  4594 | D:5      | Entered Level 5 of the Dungeon
  4594 | D:5      | Noticed Edmund
  4605 | D:5      | Killed Edmund
  4731 | D:5      | Reached skill level 5 in Spellcasting
  5268 | D:5      | Found a burning altar of Makhleb.
  5268 | D:5      | Found a radiant altar of Vehumet.
  5269 | D:5      | Found a corrupted altar of Lugonu.
  5347 | D:5      | Found a staircase to the Ecumenical Temple.
  5393 | Temple   | Entered the Ecumenical Temple
  5492 | Temple   | Became a worshipper of the Wu Jian Council
  5556 | D:4      | Bought 3 scrolls of identify for 84 gold pieces
  5624 | D:5      | Found a sparkling altar of Nemelex Xobeh.
  5626 | D:5      | Noticed Grinder
  5721 | D:5      | Reached skill level 4 in Dodging
  6126 | D:6      | Noticed Prince Ribbit
  6136 | D:5      | Killed Prince Ribbit
  6137 | D:5      | Reached skill level 7 in Fighting
  6137 | D:5      | Reached skill level 2 in Short Blades
  6306 | D:6      | Reached XP level 9. HP: 79/79 MP: 18/18
  6335 | D:6      | Reached skill level 3 in Short Blades
  6351 | D:6      | Found a stormy altar of Qazlal.
  6538 | D:6      | Noticed a hornet
  6581 | D:6      | Reached skill level 4 in Short Blades
  6648 | D:6      | Found a transporter.
  6653 | D:6      | Found a transporter.
  6655 | D:6      | Noticed diana's ghost (novice SDGl)
  6784 | D:6      | Found a stormy altar of Qazlal.
  6888 | D:6      | Reached skill level 5 in Short Blades
  7040 | D:6      | Found a shattered altar of Ashenzari.
  7047 | D:6      | Found a shadowy altar of Dithmenos.
  7056 | D:6      | Found a bloodstained altar of Trog.
  7338 | D:7      | Reached * piety under Wu Jian
  7677 | D:7      | Reached skill level 6 in Short Blades
  7847 | D:7      | Found a white marble altar of Elyvilon.
  8079 | D:7      | Reached skill level 7 in Short Blades
  8217 | D:7      | Found Widupei's Distillery.
  8227 | D:7      | Bought a potion of heal wounds for 60 gold pieces
  8227 | D:7      | Bought a potion of haste for 120 gold pieces
  8296 | D:7      | Found Xiamiy's Book Emporium.
  8382 | D:7      | Reached skill level 8 in Short Blades
  8391 | D:7      | Reached skill level 1 in Armour
  8391 | D:7      | Reached XP level 10. HP: 86/86 MP: 6/19
  8636 | D:8      | Reached skill level 2 in Armour
  8710 | D:8      | Found a glowing golden altar of the Shining One.
  8854 | D:8      | Reached skill level 8 in Fighting
  8869 | D:8      | Reached skill level 9 in Fighting
  8887 | D:8      | Reached ** piety under Wu Jian
  8977 | D:8      | Reached skill level 1 in Evocations
  8991 | D:7      | HP: 13/91 [porcupine (12)]
  9314 | D:8      | Reached skill level 2 in Evocations
  9521 | D:8      | Reached skill level 5 in Dodging
  9578 | D:8      | Reached skill level 3 in Evocations
  9827 | D:8      | Found a staircase to the Lair.
 10231 | Lair:1   | Entered Level 1 of the Lair of Beasts
 10242 | Lair:1   | Reached XP level 11. HP: 94/99 MP: 12/20
 10560 | Lair:1   | Reached skill level 4 in Evocations
 10563 | Lair:1   | Reached skill level 10 in Fighting
 10654 | Lair:1   | Reached skill level 6 in Dodging
 10855 | Lair:1   | Reached *** piety under Wu Jian
 10856 | Lair:1   | Reached skill level 5 in Evocations
 11312 | Lair:1   | Reached skill level 6 in Evocations
 11645 | Lair:2   | Reached skill level 3 in Armour
 11871 | Lair:2   | Found a staircase to the Shoals.
 12154 | Lair:2   | Got a bloodstained war axe {@q1}
 12314 | Lair:2   | Reached skill level 4 in Armour
 12562 | Lair:2   | Reached skill level 9 in Short Blades
 12881 | Lair:2   | Identified a scroll of acquirement
 12882 | Lair:2   | Identified the amulet of Tuav Zou {RegenMP rC+ MP+9 Str+4
                  | Stlth-} (You acquired it on level 2 of the Lair of Beasts)
 13012 | D:4      | Bought the +16 sapphire dagger {flash freeze, rF- rC++ MR+}
                  | for 1151 gold pieces
 13012 | D:4      | Found the +16 sapphire dagger {flash freeze, rF- rC++ MR+}
 13012 | D:4      | Bought a scroll of blinking for 82 gold pieces
 13253 | Lair:3   | Reached XP level 12. HP: 101/108 MP: 21/21
 13416 | Lair:3   | Reached skill level 11 in Fighting
 13499 | Lair:3   | Noticed a six-headed hydra
 13507 | Lair:3   | Killed a six-headed hydra
 13651 | Lair:3   | Reached **** piety under Wu Jian
 14270 | Lair:3   | Reached skill level 10 in Short Blades
 14352 | Lair:4   | Noticed Sonja
 14358 | Lair:4   | Killed Sonja
 14358 | Lair:4   | Reached skill level 12 in Fighting
 14450 | Lair:4   | Noticed a four-headed hydra
 14457 | Lair:4   | Killed a four-headed hydra
 14651 | Lair:4   | Found a staircase to the Swamp.
 14657 | Lair:4   | Found a frozen archway.
 14666 | Lair:4   | Reached skill level 5 in Armour
 14686 | IceCv    | Entered an ice cave
 14723 | IceCv    | Reached skill level 7 in Dodging
 14726 | IceCv    | Reached ***** piety under Wu Jian
 14832 | IceCv    | Reached XP level 13. HP: 64/119 MP: 13/22
 14965 | IceCv    | Reached skill level 6 in Armour
 15051 | IceCv    | Got a scorched falchion
 15073 | IceCv    | Found an ancient bone altar of Kikubaaqudgha.
 15102 | IceCv    | Reached skill level 13 in Fighting
 15513 | Lair:4   | Reached skill level 7 in Armour
 16339 | Lair:5   | Reached skill level 14 in Fighting
 16395 | Lair:5   | Reached skill level 8 in Armour
 16555 | Lair:5   | Noticed Kirke
 16564 | Lair:5   | Killed Kirke
 16609 | Lair:5   | Identified the cursed +0 falchion "Nyqag" {chaos, rC- rN++}
                  | (You found it in an ice cave)
 16612 | Lair:5   | Identified the +8 war axe of Wu Jian {flame, rC+ MR+, @q1}
                  | (You found it on level 2 of the Lair of Beasts)
 16626 | Lair:5   | Identified the +3 rapier of Beiquinn {pierce, rF+ Int+6}
                  | (You acquired it on level 5 of the Lair of Beasts)
 16626 | Lair:5   | Identified the +2 hat "Giestryo" {Regen+ Str+3} (You
                  | acquired it on level 5 of the Lair of Beasts)
 16626 | Lair:5   | Identified the ring "Ahucwo" {Fire rN+ Int-4 Stlth+} (You
                  | acquired it on level 5 of the Lair of Beasts)
 16666 | Lair:5   | Reached skill level 9 in Armour
 17243 | D:4      | Bought a scroll of identify for 28 gold pieces
 17244 | D:4      | Bought a scroll of identify for 28 gold pieces
 17244 | D:4      | Bought a scroll of magic mapping for 49 gold pieces
 17325 | D:7      | Bought 2 potions of haste for 240 gold pieces
 17325 | D:7      | Bought a potion of might for 48 gold pieces
 17325 | D:7      | Bought a potion of curing for 30 gold pieces
 17325 | D:7      | Bought a potion of haste for 120 gold pieces
 17325 | D:7      | Bought a potion of haste for 120 gold pieces
 17325 | D:7      | Bought a potion of curing for 30 gold pieces
 17325 | D:7      | Bought a potion of cancellation for 60 gold pieces
 17458 | Lair:6   | Entered Level 6 of the Lair of Beasts
 17484 | Lair:6   | Reached XP level 14. HP: 112/132 MP: 23/23
 17491 | Lair:6   | Reached skill level 10 in Armour
 17707 | Lair:6   | Got a sparkling ruby amulet
 17738 | Lair:6   | Found a runed door.
 17739 | Lair:6   | Found a viscous altar of Jiyva.
 17740 | Lair:6   | Noticed an azure jelly
 17741 | Lair:6   | Found a staircase to the Slime Pits.
 17741 | Lair:6   | Noticed an azure jelly
 17887 | Lair:6   | Noticed an entropy weaver
 17893 | Lair:6   | Killed an entropy weaver
 17895 | Lair:6   | Noticed an entropy weaver
 17900 | Lair:6   | Killed an entropy weaver
 17908 | Lair:6   | Reached skill level 15 in Fighting
 18681 | Lair:6   | Reached skill level 16 in Fighting
 19093 | Lair:6   | Identified the amulet of Womaat {Inacc Int+3} (You found it
                  | on level 6 of the Lair of Beasts)
 19298 | D:9      | Found a portal to a secret trove of treasure.
 19324 | Trove    | Entered a treasure trove
 19448 | D:9      | Noticed Pikel
 19466 | D:9      | Killed Pikel
 19531 | D:9      | Noticed Harold
 19555 | D:9      | Killed Harold
 19556 | D:9      | Reached skill level 1 in Shields
 19669 | D:9      | Found a snail-covered altar of Cheibriados.
 19756 | D:9      | Reached skill level 2 in Shields
 19756 | D:9      | Reached XP level 15. HP: 136/145 MP: 14/24
 19785 | D:9      | Found a white marble altar of Elyvilon.
 20042 | D:9      | Found a staircase to the Orcish Mines.
 20525 | D:10     | Entered Level 10 of the Dungeon
 20688 | D:10     | Reached skill level 3 in Shields
 20849 | D:10     | Reached skill level 17 in Fighting
 20849 | D:10     | Reached skill level 4 in Shields
 21274 | D:10     | Reached skill level 5 in Shields
 21505 | D:10     | Reached skill level 6 in Shields
 21600 | D:11     | Got a fabulously ornate robe
 21692 | D:11     | Reached skill level 7 in Shields
 21788 | D:11     | Noticed Erica
 21821 | D:11     | Identified the cursed +1 robe of the Depths {*Contam rElec
                  | Regen+ SInv} (You found it on level 11 of the Dungeon)
 22072 | D:11     | Killed Erica
 22447 | D:12     | Entered Level 12 of the Dungeon
 22459 | D:12     | Reached skill level 8 in Shields
 22770 | D:12     | Found a gate to the Vaults.
 22780 | D:12     | Reached skill level 9 in Shields
 23032 | D:12     | Found a staircase to the Depths.
 23083 | D:12     | Reached skill level 10 in Shields
 23584 | Orc      | Entered the Orcish Mines
 23592 | Orc      | Noticed Josephine
 23593 | Orc      | Found a roughly hewn altar of Beogh.
 23595 | Orc      | Killed Josephine
 23596 | Orc      | Reached XP level 16. HP: 146/155 MP: 25/25
 23615 | Orc      | Noticed Maurice
 23621 | Orc      | Noticed Gastronok
 23999 | Orc      | Killed Gastronok
 24017 | Orc      | Killed Maurice
 24040 | Orc      | Found Kappok's Assorted Antiques.
 24042 | Orc      | Found Ofik's Food Emporium.
 24102 | Orc      | Reached skill level 18 in Fighting
 24113 | Orc      | Found Xyummax's Armour Shop.
 24118 | Orc      | Found Zieth's Weapon Shoppe.
 24161 | Orc      | Bought a scroll of teleportation for 60 gold pieces
 24161 | Orc      | Bought a scroll of teleportation for 60 gold pieces
 24234 | Orc      | Found a staircase to the Elven Halls.
 24503 | Orc      | Noticed Fannar
 24513 | Orc      | Killed Fannar
 24916 | Orc      | Bought the +1 pair of gauntlets of War {Slay+6} for 667
                  | gold pieces
 24916 | Orc      | Found the +1 pair of gauntlets of War {Slay+6}
 25150 | Swamp:1  | Entered Level 1 of the Swamp
 25279 | Swamp:1  | Noticed a thorn hunter
 25300 | Swamp:1  | Killed a thorn hunter
 26008 | Swamp:2  | Noticed Nikola
 26134 | Shoals:1 | Entered Level 1 of the Shoals
 26138 | Shoals:1 | Reached skill level 19 in Fighting
 26859 | Shoals:2 | Reached XP level 17. HP: 137/168 MP: 26/26
 27061 | Shoals:2 | HP: 12/168 [elemental wellspring/torrent of water (58)]
 27262 | Shoals:2 | Reached skill level 11 in Armour
 27262 | Shoals:2 | Reached skill level 11 in Shields
 27413 | Shoals:2 | Noticed a kraken
 27527 | Shoals:3 | Entered Level 3 of the Shoals
 27782 | D:4      | Bought the +11 gold dragon scales of Douc {rPois rF+ rC+
                  | Stlth+} for 1411 gold pieces
 28050 | Shoals:3 | Identified the cursed +1 mace of Analysis {venom, rPois
                  | Int+2}
 28149 | Shoals:3 | Reached skill level 12 in Armour
 28149 | Shoals:3 | Reached skill level 12 in Shields
 28266 | Shoals:3 | Got a barnacled rune of Zot
 28343 | Shoals:3 | Identified the cursed ring "Xeolihoh" {rC+ Str+6 Dex+2}
 28678 | Shoals:3 | Identified the Handbook of the Mountains and Venom
 28747 | Shoals:2 | Killed a kraken
 28992 | Vaults:1 | Entered Level 1 of the Vaults
 29091 | Vaults:1 | Reached XP level 18. HP: 178/178 MP: 27/27
 29095 | Vaults:1 | Reached skill level 20 in Fighting
 29106 | Vaults:1 | Reached ****** piety under Wu Jian
 29332 | Vaults:1 | Reached skill level 13 in Armour
 29332 | Vaults:1 | Reached skill level 13 in Shields
 29975 | Vaults:1 | Reached skill level 21 in Fighting
 29975 | Vaults:1 | Reached XP level 19. HP: 189/189 MP: 28/28
 30377 | Vaults:1 | Found Kaogh's Assorted Antiques.
 30384 | Vaults:1 | Bought an ancient bronze ring for 220 gold pieces
 30384 | Vaults:1 | Identified the ring of Tivec {Wiz rElec Str+2 Dex+7} (You
                  | bought it in a shop on level 1 of the Vaults)
 30384 | Vaults:1 | Bought a scroll of blinking for 330 gold pieces
 31038 | Swamp:2  | Killed Nikola
 31495 | Swamp:3  | Entered Level 3 of the Swamp
 31576 | Swamp:3  | Reached skill level 14 in Armour
 31576 | Swamp:3  | Reached skill level 14 in Shields
 31809 | Swamp:3  | Got a decaying rune of Zot
 31853 | Swamp:3  | Identified the cursed +1 scythe of Gieciaf {slice, +Inv
                  | rElec Dex+3}
 32743 | Elf:1    | Entered Level 1 of the Elven Halls
 32864 | Elf:1    | Reached skill level 15 in Armour
 32871 | Elf:1    | Cast into level 1 of the Abyss (a deep elf demonologist)
 32902 | Abyss:1  | Found a corrupted altar of Lugonu.
 33335 | Abyss:1  | Reached XP level 20. HP: 198/198 MP: 29/29
 33453 | Elf:1    | Escaped the Abyss
 33974 | Elf:1    | Found Quelig's Jewellery Shoppe.
 33982 | Elf:1    | Bought an uncursed ring of protection from fire for 275
                  | gold pieces
 34213 | Elf:1    | Identified Tituf's Papyrus of Pragmatism
 34351 | Elf:1    | Reached skill level 22 in Fighting
 34930 | Elf:2    | Found Ereunett's Gadget Boutique.
 35015 | Elf:2    | Bought a wand of acid (2) for 108 gold pieces
 35113 | Elf:2    | Noticed Roxanne
 35140 | Elf:2    | Killed Roxanne
 35427 | Elf:2    | Found a runed gate.
 35427 | Elf:2    | Found a runed gate.
 35429 | Elf:2    | Found a runed gate.
 35522 | Elf:2    | Noticed Asterion
 35533 | Elf:2    | Killed Asterion
 35540 | Elf:2    | Noticed Jorgrun
 35546 | Elf:2    | Killed Jorgrun
 35732 | Elf:2    | Reached skill level 11 in Short Blades
 35828 | Elf:2    | Reached skill level 16 in Armour
 35982 | Elf:3    | Entered Level 3 of the Elven Halls
 36067 | Elf:3    | Found a runed translucent door.
 36096 | Elf:3    | Reached XP level 21. HP: 163/209 MP: 30/30
 36166 | Elf:3    | Noticed dscm's ghost (adept KoAc)
 36305 | Elf:3    | Found the +10 large shield of Ignorance {rN+ Int-4}
 36570 | Elf:3    | Reached skill level 23 in Fighting
 36767 | Elf:3    | Killed dscm's ghost
 36998 | Orc      | Bought a +2 hat for 256 gold pieces
 37382 | Orc      | Bought a +2 pair of boots for 264 gold pieces
 37739 | Elf:3    | Identified the ring "Qeelej" {rPois Dex+3}
 37773 | Elf:3    | Identified the +3 leather armour of the Armoured One {rPois
                  | rF- Regen+ SInv}
 37774 | Elf:3    | Identified the +3 great sword "Ustreo Vifef" {slice, rPois
                  | MR+ Str+3 Stlth-}
 37781 | Elf:3    | Identified the Tome of Beguiling
 39137 | Vaults:2 | Identified the +0 pair of boots of the Ant {rC+ rN+ Stlth-}
 39325 | Vaults:2 | Reached skill level 24 in Fighting
 39325 | Vaults:2 | Reached skill level 1 in Unarmed Combat
 39327 | Vaults:2 | Reached skill level 2 in Unarmed Combat
 39329 | Vaults:2 | Reached skill level 3 in Unarmed Combat
 39333 | Vaults:2 | Reached skill level 4 in Unarmed Combat
 39339 | Vaults:2 | Reached skill level 5 in Unarmed Combat
 39340 | Vaults:2 | Reached XP level 22. HP: 222/222 MP: 31/31
 39357 | Vaults:2 | Reached skill level 6 in Unarmed Combat
 39753 | Vaults:2 | Found Sianou's Gadget Boutique.
 40007 | Vaults:2 | Reached skill level 7 in Unarmed Combat
 40041 | Vaults:2 | Found Sedu's Armour Shoppe.
 40053 | Vaults:2 | Reached skill level 8 in Unarmed Combat
 40060 | Vaults:2 | Bought the -2 cloak "Oroefisu" {rC- MR+ Regen+ Dex+4} for
                  | 170 gold pieces
 40162 | Vaults:2 | Found a staircase to the Crypt.
 40274 | Vaults:2 | Reached skill level 9 in Unarmed Combat
 40443 | Vaults:3 | Entered Level 3 of the Vaults
 40460 | Vaults:3 | Reached skill level 10 in Unarmed Combat
 40475 | Vaults:3 | Reached skill level 11 in Unarmed Combat
 40491 | Vaults:3 | Reached skill level 12 in Unarmed Combat
 40512 | Vaults:3 | Reached XP level 23. HP: 202/229 MP: 32/32
 40543 | Vaults:3 | Noticed a golden dragon
 40546 | Vaults:3 | Killed a golden dragon
 40568 | Vaults:3 | Reached skill level 15 in Shields
 40568 | Vaults:3 | Noticed a juggernaut
 40570 | Vaults:3 | Killed a juggernaut
 40574 | Vaults:3 | Reached skill level 17 in Armour
 40580 | Vaults:3 | Noticed a juggernaut
 40582 | Vaults:3 | Killed a juggernaut
 40618 | Vaults:3 | Got a silver rune of Zot
 40765 | Vaults:3 | Identified the cursed +1 leather armour of Desif {rF+}
 40964 | Vaults:3 | Identified the +2 rapier of Infinite Pain {holy, rPois rF+
                  | Dex-3}
 40970 | Vaults:3 | Identified the ring "Toicim" {*Slow rPois rF+ Dex+8 SInv}
 41278 | Vaults:3 | Found Woedirhuppo's Antique Armour Shoppe.
 41278 | Vaults:3 | Found Ecoklim's Antique Weapon Boutique.
 41282 | Vaults:3 | Bought a pair of runed boots for 240 gold pieces
 41283 | Vaults:3 | Found Tepefehu's Antique Weapon Boutique.
 41410 | Vaults:3 | Found Fuudgh's Antique Armour Shop.
 41620 | Depths:1 | Entered Level 1 of the Depths
 42177 | Depths:1 | Found a gateway to Hell.
 43730 | Depths:1 | Reached skill level 16 in Shields
 43763 | Depths:1 | Reached skill level 7 in Evocations
 43771 | Depths:1 | Found the +8 Wrath of Trog {antimagic, *Rage}
 43913 | Depths:1 | Reached XP level 24. HP: 238/238 MP: 32/32
 43927 | Depths:1 | Found the macabre finger necklace {rN+}
 44031 | Depths:1 | Found a one-way gate to the infinite horrors of the Abyss.
 44287 | Depths:1 | Identified The Foundations of Rites and Rhymes
 44376 | Depths:2 | Reached skill level 8 in Evocations
 44385 | Depths:2 | Reached skill level 18 in Armour
 44393 | Depths:2 | Reached skill level 9 in Evocations
 44397 | Depths:2 | Found a large runed door.
 44409 | Depths:2 | Reached skill level 10 in Evocations
 44580 | Depths:2 | Found a large runed door.
 44754 | Depths:2 | Reached skill level 11 in Evocations
 44803 | Depths:4 | Found a flickering gateway to a bazaar.
 44824 | Bazaar   | Entered a bazaar
 44826 | Bazaar   | Found Imuofal's Food Boutique.
 44836 | Bazaar   | Found Deoli's Antique Armour Emporium.
 44855 | Bazaar   | Found Kocucz Gooh's Gadget Shoppe.
 44864 | Bazaar   | Found Dywey's Antique Armour Shop.
 44881 | Bazaar   | Found Acu Mat's Armour Emporium.
 44989 | Bazaar   | Bought a pair of embroidered boots for 142 gold pieces
 45008 | Bazaar   | Bought a wand of paralysis (11) for 120 gold pieces
 45008 | Bazaar   | Bought a phantom mirror for 200 gold pieces
 45008 | Bazaar   | Bought a wand of acid (7) for 160 gold pieces
 45008 | Bazaar   | Bought a wand of digging (11) for 240 gold pieces
 45141 | Depths:4 | Reached skill level 12 in Evocations
 45170 | Depths:4 | Reached skill level 13 in Unarmed Combat
 45180 | Depths:5 | Entered Level 5 of the Depths
 45243 | Depths:5 | Noticed Xtahua
 45259 | Depths:5 | Killed Xtahua
 45260 | Depths:5 | Found the +6 fire dragon scales of Xtahua {rF+++ rC- MR+}
 46479 | Depths:2 | Reached skill level 14 in Unarmed Combat
 46649 | Depths:5 | Found a gateway to a ziggurat.
 46651 | Depths:5 | Noticed a caustic shrike
 46652 | Depths:5 | Noticed a caustic shrike
 46652 | Depths:5 | Noticed a caustic shrike
 46654 | Depths:5 | Killed a caustic shrike
 46655 | Depths:5 | Reached skill level 8 in Dodging
 46655 | Depths:5 | Reached XP level 25. HP: 238/245 MP: 34/34
 46660 | Depths:5 | Reached skill level 9 in Dodging
 46905 | Depths:5 | Reached skill level 10 in Dodging
 46907 | Depths:5 | Found a white marble altar of Elyvilon.
 46907 | Depths:5 | Found a shadowy altar of Dithmenos.
 46908 | Depths:5 | Found a blossoming altar of Fedhas.
 46957 | Depths:5 | Noticed a juggernaut
 46990 | Depths:5 | Killed a juggernaut
 47021 | Depths:5 | Noticed Boris
 47034 | Depths:5 | Killed Boris
 47035 | Depths:5 | Reached skill level 11 in Dodging
 47058 | Depths:5 | Identified the +5 hand crossbow "Zyus" {penet, rC+ MR+}
 47058 | Depths:5 | Identified the +4 leather armour "Owit Bao" {rCorr Stlth+}
 47058 | Depths:5 | Noticed Mennas
 47062 | Depths:5 | Killed Mennas
 47074 | Depths:5 | Noticed a Killer Klown
 47078 | Depths:5 | Killed a Killer Klown
 47079 | Depths:5 | Reached skill level 12 in Dodging
 47109 | Depths:5 | Noticed a golden dragon
 47116 | Depths:5 | Killed a golden dragon
 47122 | Depths:5 | Noticed a golden dragon
 47129 | Depths:5 | Killed a golden dragon
 47318 | Depths:5 | Reached skill level 13 in Dodging
 47384 | Depths:5 | Identified the +10 war axe "Nejovat" {flame, rF+ Str-3
                  | Int+6 SInv}
 47585 | Depths:5 | Noticed a Killer Klown
 47587 | Depths:5 | Reached skill level 14 in Dodging
 47593 | Depths:5 | Killed a Killer Klown
 47594 | Depths:5 | Reached XP level 26. HP: 246/254 MP: 34/34
 47819 | Depths:5 | Noticed a golden dragon
 47828 | Depths:5 | Killed a golden dragon
 47834 | Depths:5 | Identified the +5 longbow of the Extremes {seek, SInv}
 47941 | Depths:5 | Noticed a golden dragon
 47949 | Depths:5 | Killed a golden dragon
 48147 | Depths:5 | Found a gate to the Realm of Zot.
 49105 | D:4      | Bought a scroll of enchant armour for 82 gold pieces
 49485 | D:12     | Noticed Nessos
 49489 | D:12     | Killed Nessos
 49723 | Zig:1    | Entered Level 1 of a ziggurat
 49724 | Zig:1    | Noticed a shard shrike
 49730 | Zig:1    | Killed a shard shrike
 49731 | Zig:1    | Reached skill level 15 in Dodging
 49731 | Zig:1    | Reached skill level 13 in Evocations
 49738 | Zig:2    | Entered Level 2 of a ziggurat
 49761 | Zig:3    | Entered Level 3 of a ziggurat
 49783 | Zig:4    | Entered Level 4 of a ziggurat
 49805 | Zig:4    | Reached XP level 27. HP: 251/261 MP: 34/35
 49811 | Zig:5    | Entered Level 5 of a ziggurat
 49825 | Zig:5    | Identified the +5 medium shield of Jitiliud {Int+4}
 49854 | Zig:6    | Entered Level 6 of a ziggurat
 49878 | Zig:7    | Entered Level 7 of a ziggurat
 49888 | Zig:7    | Reached skill level 14 in Evocations
 49904 | Zig:7    | Identified the ring "Wiluopp" {Ice Str+4} (You found it on
                  | level 7 of a ziggurat)
 49910 | Zig:7    | Identified the +11 plate armour of Odarch {Dex+5}
 49936 | Zig:8    | Entered Level 8 of a ziggurat
 49942 | Zig:8    | Noticed Vuusanoi the pandemonium lord
 49946 | Zig:8    | Reached skill level 16 in Dodging
 49949 | Zig:8    | Killed Vuusanoi the pandemonium lord
 49950 | Zig:8    | Reached skill level 15 in Evocations
 49962 | Zig:8    | Identified the cursed +0 scythe of the Eternal Warrior
                  | {pain, +Fly MR+}
 50051 | Zig:9    | Entered Level 9 of a ziggurat
 50059 | Zig:9    | Found the brooch of Shielding {Reflect SH+8}
 50060 | Zig:9    | Found the ring of Shadows {Umbra +Inv rN+ Stlth++}
 50168 | Zig:10   | Entered Level 10 of a ziggurat
 50181 | Zig:10   | Reached skill level 16 in Evocations
 50199 | Zig:11   | Entered Level 11 of a ziggurat
 50228 | Zig:11   | Identified the +9 plate armour "Caugach" {Dex+4}
 50236 | Zig:12   | Entered Level 12 of a ziggurat
 50236 | Zig:12   | Noticed a Killer Klown
 50236 | Zig:12   | Noticed a Killer Klown
 50236 | Zig:12   | Noticed a Killer Klown
 50236 | Zig:12   | Noticed a Killer Klown
 50237 | Zig:12   | Killed a Killer Klown
 50242 | Zig:12   | Reached skill level 17 in Evocations
 50242 | Zig:12   | Killed a Killer Klown
 50244 | Zig:12   | Killed a Killer Klown
 50245 | Zig:12   | Reached skill level 17 in Dodging
 50247 | Zig:12   | Reached skill level 15 in Unarmed Combat
 50247 | Zig:12   | Killed a Killer Klown
 50252 | Zig:12   | Identified the +2 leather armour of Makhleb's Fury {Regen+
                  | SInv}
 50256 | Zig:13   | Entered Level 13 of a ziggurat
 50268 | Zig:13   | Reached skill level 16 in Unarmed Combat
 50295 | Zig:13   | Reached skill level 17 in Unarmed Combat
 50300 | Zig:13   | Identified the +7 hunting sling "Daugoys" {venom, rF+}
 50305 | Zig:13   | Reached skill level 18 in Dodging
 50309 | Zig:13   | Identified the ring "Putif" {rElec Str+5}
 50391 | Zig:14   | Entered Level 14 of a ziggurat
 50409 | Zig:14   | Reached skill level 18 in Unarmed Combat
 50428 | Zig:14   | Identified the amulet "Fittex" {Faith Str+5}
 50431 | Zig:14   | Identified the +1 battleaxe "Qugeisyf" {freeze, rElec
                  | Dex+4}
 50433 | Zig:14   | Identified the +2 flail of Pandemonium {drain, rElec Str+8
                  | Dex-2}
 50443 | Zig:14   | Identified the -2 helmet of the Equinox {Str+7 Int+2 Dex-4}
                  | (You found it on level 14 of a ziggurat)
 50525 | Zig:15   | Entered Level 15 of a ziggurat
 50568 | Zig:15   | Found the +7 Spriggan's Knife {stab, EV+4 Stlth+}
 50582 | Zig:15   | Found the +1 giant club "Skullcrusher" {antimagic, -Cast
                  | *Drain rN+ MR+ AC+6}
 50659 | Zig:16   | Entered Level 16 of a ziggurat
 50670 | Zig:16   | Noticed a greater mummy
 50670 | Zig:16   | Noticed a greater mummy
 50674 | Zig:16   | Noticed a greater mummy
 50674 | Zig:16   | Noticed a greater mummy
 50674 | Zig:16   | Noticed a greater mummy
 50678 | Zig:17   | Entered Level 17 of a ziggurat
 50706 | Zig:17   | Paralysed by accursed screaming for 1 turns
 50715 | Zig:17   | Identified the +1 plate armour of Cymil {Int+5}
 50929 | Zot:1    | Entered Level 1 of the Realm of Zot
 50994 | Zot:1    | Reached skill level 18 in Evocations
 51051 | Zot:1    | Identified Sif Muna's Disquisition on Ice and Necromancy
 51074 | Zot:1    | Found Woeppaas's Changing Room.
 51098 | Zot:1    | Reached skill level 17 in Shields
 51102 | Zot:1    | Bought a potion of mutation for 112 gold pieces
 51102 | Zot:1    | Bought a potion of mutation for 112 gold pieces
 51102 | Zot:1    | Bought a potion of mutation for 112 gold pieces
 51144 | Zot:1    | Noticed a Killer Klown
 51149 | Zot:1    | Noticed a Killer Klown
 51151 | Zot:1    | Killed a Killer Klown
 51154 | Zot:1    | Killed a Killer Klown
 51155 | Zot:1    | Noticed an orb of fire
 51160 | Zot:1    | Killed an orb of fire
 51160 | Zot:1    | Reached skill level 19 in Unarmed Combat
 51161 | Zot:1    | Reached skill level 18 in Shields
 51527 | Zot:2    | Noticed a Killer Klown
 51531 | Zot:2    | Killed a Killer Klown
 51532 | Zot:2    | Reached skill level 19 in Shields
 51617 | Zot:2    | Reached skill level 19 in Evocations
 51718 | Zot:2    | Noticed an orb of fire
 51726 | Zot:2    | Killed an orb of fire
 52654 | Zot:4    | Noticed a golden dragon
 52654 | Zot:4    | Reached skill level 19 in Dodging
 52661 | Zot:4    | Killed a golden dragon
 52757 | Zot:5    | Entered Level 5 of the Realm of Zot
 52892 | Zot:5    | Noticed an orb of fire
 52892 | Zot:5    | Noticed an orb of fire
 52893 | Zot:5    | Noticed an ancient lich
 52895 | Zot:5    | Noticed an ancient lich
 52897 | Zot:5    | Gained mutation: Your body sometimes deteriorates upon
                  | taking damage. [an orb of fire]
 52898 | Zot:5    | Killed an orb of fire
 52898 | Zot:5    | Killed an orb of fire
 52899 | Zot:5    | Reached skill level 20 in Dodging
 52900 | Zot:5    | Killed an ancient lich
 52900 | Zot:5    | Noticed a golden dragon
 52900 | Zot:5    | Noticed a golden dragon
 52901 | Zot:5    | Killed an ancient lich
 52909 | Zot:5    | Killed a golden dragon
 52912 | Zot:5    | Killed a golden dragon
 52923 | Zot:5    | Noticed a Killer Klown
 52926 | Zot:5    | Killed a Killer Klown
 52926 | Zot:5    | Reached skill level 21 in Dodging
 52926 | Zot:5    | Noticed an ancient lich
 52929 | Zot:5    | Killed an ancient lich
 52932 | Zot:5    | Noticed an ancient lich
 52934 | Zot:5    | Killed an ancient lich
 52946 | Zot:5    | Noticed a Killer Klown
 52949 | Zot:5    | Noticed a Killer Klown
 52950 | Zot:5    | Killed a Killer Klown
 52952 | Zot:5    | Reached skill level 22 in Dodging
 52952 | Zot:5    | Noticed an orb of fire
 52953 | Zot:5    | Noticed an orb of fire
 52953 | Zot:5    | Noticed an orb of fire
 52955 | Zot:5    | Killed an orb of fire
 52959 | Zot:5    | Killed an orb of fire
 52960 | Zot:5    | Killed a Killer Klown
 52962 | Zot:5    | Noticed a golden dragon
 52964 | Zot:5    | Killed an orb of fire
 52972 | Zot:5    | Got the Orb of Zot
 53046 | Zot:5    | Noticed a golden dragon
 53115 | Zot:2    | Noticed a seraph
 53467 | D:12     | Noticed Tiruimue the pandemonium lord
 53470 | D:12     | Killed Tiruimue the pandemonium lord
 53729 | D:1      | Reached skill level 23 in Dodging
 53757 | D:$      | Escaped with the Orb!

Skill      XL: |  1  2  3  4  5  6  7  8  9 10 11 12 13 14 15 16 17 18 19 20 21 22 23 24 25 26 27 |
---------------+----------------------------------------------------------------------------------+-----
Spellcasting   | 4 5 |  5.0
Stealth        | 2 3 |  3.4
Fighting       | 1 2 3 4 5 6 7 9 10 12 14 16 17 19 21 22 24 | 24.0
Dodging        | 3 4 5 6 7 8 14 15 23 | 23.0
Short Blades   | 2 8 9 10 11 | 11.0
Armour         | 1 2 4 5 9 10 12 13 15 16 17 18 | 18.0
Evocations     | 3 6 7 12 13 19 | 19.0
Shields        | 2 10 12 13 14 16 19 | 19.0
Unarmed Combat | 5 12 14 19 | 19.0
Conjurations   | |  5.0
Hexes          | |  5.0
Charms         | |  5.0
Summonings     | |  5.0
Necromancy     | |  5.0
Translocations | |  5.0
Transmutations | |  5.0
Fire Magic     | |  5.0
Ice Magic      | |  5.0
Air Magic      | |  5.0
Earth Magic    | |  5.0
Poison Magic   | |  5.0

Action                   |  1- 3 |  4- 6 |  7- 9 | 10-12 | 13-15 | 16-18 | 19-21 | 22-24 | 25-27 || total
-------------------------+-------+-------+-------+-------+-------+-------+-------+-------+-------++-------
Melee: Spear             |    27 |     6 |       |       |       |       |       |       |       ||    33
       Bite              |     1 |     3 |    14 |    43 |   119 |   160 |   267 |   155 |   233 ||   995
       Headbutt          |     3 |    10 |    27 |    82 |   189 |   261 |   482 |   279 |   419 ||  1752
       Rapier            |       |    54 |   142 |   301 |       |       |       |       |       ||   497
       Short sword       |       |    20 |   126 |       |       |       |       |       |       ||   146
       Dagger            |       |       |       |   280 |  1138 |  1314 |  1592 |   865 |  1422 ||  6611
 Fire: Blowgun           |       |     2 |    11 |    31 |    24 |       |       |       |       ||    68
Throw: Stone             |     1 |       |       |       |       |       |       |       |       ||     1
       Javelin           |       |       |       |       |     9 |       |       |       |       ||     9
       Tomahawk          |       |       |       |       |    30 |    14 |     4 |       |     1 ||    49
 Cast: Summon Small Mamm |    26 |     3 |     2 |       |     3 |       |       |       |       ||    34
       Call Imp          |     7 |    26 |    10 |       |       |       |       |       |       ||    43
       Call Canine Famil |       |    22 |    21 |    16 |     7 |       |       |       |       ||    66
       Summon Ice Beast  |       |       |    31 |    77 |    41 |       |       |       |       ||   149
Invok: Lunge             |       |       |    11 |    34 |    87 |    89 |   135 |    94 |   129 ||   579
       Whirlwind         |       |       |       |   190 |   400 |   629 |   704 |   397 |   693 ||  3013
       Heavenly Storm    |       |       |       |       |     5 |     5 |     5 |     7 |    27 ||    49
 Abil: Serpent's Lash    |       |       |       |    12 |    17 |    22 |    18 |    16 |    48 ||   133
       Wall Jump         |       |       |       |       |       |       |     2 |       |     2 ||     4
       Evoke Invisibilit |       |       |       |       |       |       |       |       |     3 ||     3
Evoke: Wand              |       |       |       |     6 |    16 |     8 |     1 |       |    15 ||    46
       Lightning rod     |       |       |       |       |       |       |       |     2 |       ||     2
       Fan of gales      |       |       |       |       |       |       |       |       |     2 ||     2
       Box of beasts     |       |       |       |       |       |       |       |       |     2 ||     2
  Use: Scroll            |       |     4 |     9 |    14 |    13 |     6 |     1 |     8 |    13 ||    68
       Potion            |       |       |       |     3 |     2 |     7 |       |     1 |    15 ||    28
 Stab: Sleeping          |       |     4 |     7 |     1 |     3 |       |       |       |     4 ||    19
       Distracted        |       |       |     1 |     2 |     4 |     2 |       |     1 |     3 ||    13
       Paralysed         |       |       |       |       |       |       |     1 |       |     2 ||     3
       Confused          |       |       |       |       |       |       |       |     2 |       ||     2
       Invisible         |       |       |       |       |       |       |       |     1 |    18 ||    19
  Eat: Chunk             |     2 |    14 |    32 |    42 |    57 |    44 |    45 |    23 |    18 ||   277
       Ration            |       |       |     1 |     5 |     3 |     4 |     6 |     6 |    11 ||    36
Armor: Animal skin       |     6 |       |       |       |       |       |       |       |       ||     6
       Leather armour    |       |    12 |    50 |    12 |       |       |       |       |       ||    74
       Troll leather arm |       |       |       |    61 |    92 |       |       |       |       ||   153
       Chain mail        |       |       |       |       |   100 |   117 |       |       |       ||   217
       Gold dragon scale |       |       |       |       |       |   180 |   300 |   166 |       ||   646
       Fire dragon scale |       |       |       |       |       |       |       |     3 |   121 ||   124
Dodge: Dodged            |    22 |    59 |   200 |   274 |   218 |   104 |    99 |    44 |   305 ||  1325
Block: Medium shield     |       |       |       |       |    98 |   377 |   358 |    10 |   506 ||  1349
       Large shield      |       |       |       |       |       |       |   120 |   539 |       ||   659
       Reflection        |       |       |       |       |       |       |       |       |    14 ||    14

Levels and vault maps discovered:
D:1:      psy_arrival_statuary, layout_basic, minmay_pentomino_t2
D:2:      layout_rooms, first_ration
D:3:      layout_basic, fedhas_altar_2, lemuel_coloured_pillars_altar,
          lightli_sewer_entry_pipes, bloody_makhleb
D:4:      layout_layer_cave, kennysheep_mini_moat, serial_shops, shop, shop,
          nicolae_shop_waterfront, shop, nicolae_ossuary_entry_ruins
D:5:      kennysheep_kobold_camp, layout_rooms, gammafunk_temple_overflow_claw,
          temple_fountains, nemelex_spade_bored_becter, uniq_grinder,
          uniq_edmund
D:6:      layout_loops_ring, nicolae_qazlal_eye_of_the_storm,
          grunt_temple_overflow_diamond, basic_altar, gammafunk_ghost_hive,
          uniq_prince_ribbit1
D:7:      layout_cave_pools, serial_gnoll_camp, gnoll_camp_mini_hut,
          gnoll_camp_mini_shop, gnoll_camp_mini_shop, gnoll_camp_mini_basic,
          grunt_livestock, kennysheep_flooded_box,
          hangedman_decor_clover_reticule
D:8:      layout_loops_cross, old_standard_altar, due_lair_maze_entry_diamond
D:9:      layout_roguey, kennysheep_mini, nicolae_overflow_crystal_walls,
          bhauth_orc_entry_pike_square, nicolae_trove_entry_crossroad,
          uniq_harold, uniq_pikel
D:10:     layout_grid_maze
D:11:     layout_cross, nrook_pool_corridor, skrybe_limestone_x, uniq_erica
D:12:     grunt_enter_depths_snipers, layout_stronghold,
          skrybe_vaults_entry_preservation, minmay_misc_feat_tower,
          chequers_jeans, uniq_nessos
Temple:   compressed_dpeg_circular_temple
Lair:1:   layout_regular_city, grunt_megastairs_5
Lair:2:   layout_loops_ring, minmay_shoals_entry_centaurs, lemuel_fruit_tree,
          grunt_megastairs_3
Lair:3:   lemuel_reptile_caves, layout_gridlike
Lair:4:   layout_small_grid, minmay_swamp_entry_eels,
          portal_ice_cave_entry_ice_beasts, wad_woods_river_03,
          beast_lair_carwin_3, uniq_sonja
Lair:5:   layout_hall_layers, uniq_kirke
Lair:6:   evilmike_catoblepas_cave, layout_regular_city, slime_altar_2,
          zaba_anthell
Swamp:1:  layout_falls_marsh, evilmike_swamp_ruin_house_2
Swamp:2:  layout_basic_swamp, nicolae_swamp_trees_clearing, uniq_nikola
Swamp:3:  swamp_basic_johnstein, layout_basic_swamp, swamp_pool1, worms_lemuel
Shoals:1: layout_shoals
Shoals:2: layout_shoals
Shoals:3: shoals_end_simple, layout_shoals, nicolae_shoals_cliffside_cave
Orc:      st_orc_open, layout_caves, basic_altar, uniq_gastronok,
          uniq_josephine, uniq_fannar, uniq_maurice
Elf:1:    minmay_the_grid_square_5x5_4x4
          [minmay_the_grid_square_5x5_half_checkered,
          minmay_the_grid_square_5x5_corner,
          minmay_the_grid_square_5x5_beaten_path,
          minmay_the_grid_square_5x5_comb, minmay_the_grid_square_5x5_percent,
          minmay_the_grid_square_5x5_prize_gold,
          minmay_the_grid_square_5x5_prize_junk,
          minmay_the_grid_square_5x5_intrusive_squares,
          minmay_the_grid_square_5x5_broken_cross,
          minmay_the_grid_square_5x5_prize_open,
          minmay_the_grid_square_5x5_prize_itemx,
          minmay_the_grid_square_5x5_longway,
          minmay_the_grid_square_5x5_sharp_hourglass,
          minmay_the_grid_square_5x5_inverted_slash,
          minmay_the_grid_square_5x5_almost_minimal,
          minmay_the_grid_square_5x5_minimal], layout_onion_city, serial_shops,
          nicolae_shop_trees, minmay_elf_annihilation
Elf:2:    nicolae_elf_blades_splatter_lattice [mumra_blade_entry_dagger],
          layout_gridlike, serial_shops, shop, uniq_roxanne, uniq_jorgrun,
          uniq_asterion
Elf:3:    minmay_elf_hall_statues, layout_geoelf_octagon,
          ebering_ghost_reflecting_pool, st_stairs_14
Vaults:1: nicolae_vaults_yaktaur_gun_rack, v_misc_28, v_rooms_4,
          vaults_room_pools, vaults_room_grid, nicolae_vaults_circle_grid_b,
          nicolae_vaults_big_angled_halls,
          nicolae_vaults_windows_and_doors_thing, v_pattern_2, vaults_room_grid,
          vaults_room_hallway, vaults_dpeg_ring, ontoclasm_vaults_eye,
          layout_vaults_omnicross, serial_shops, nicolae_shop_overgrown_old_shop
Vaults:2: v_misc_12, v_misc_9, v_misc_5, vaults_mumra_hex,
          vaults_standard_mumra_enter_the_diamond, st_spiral_rooms,
          dpeg_vaults_monster_box, hangedman_vaults_impose,
          minmay_crypt_entry_simple_statues, v_misc_19, layout_vaults_ring,
          serial_shops, nicolae_shop_crystal
Vaults:3: serial_shops
Depths:1: layout_honeycomb, minmay_room_of_horrors, hell_entry, minmay_holes,
          minmay_misc_feat_four_crosses, minmay_multi_spiral
Depths:2: gammafunk_jiyva_shrine, layout_gridlike, hell_entry,
          gammafunk_ghost_wrathful_warriors, serial_shops,
          nicolae_shop_overgrown_old_shop, dk_noncrumbling_2,
          hangedman_eye_storm, firewood_loft
Depths:3: kennysheep_green_arena, layout_long_grid, lightli_too_deep,
          moated_statue, grunt_pan_entry_spiral, kilobyte_rumbling_trees,
          minmay_staircase_bubble
Depths:4: cheibrodos_poisonous_passages, layout_gridlike, serial_shops,
          bzr_entry_gold, rand_demon_pan_entry_4, hell_entry,
          serial_sigils_hangedman_quiver, abyss_entry_glasseish
Depths:5: hangedman_slaughterboxes, hell_entry, uniq_xtahua, uniq_mennas,
          uniq_boris
Zot:1:    grunt_zot_stairs_mandelzot, layout_gridlike,
          nicolae_transmutations_shop
Zot:2:    kennysheep_spiral_hall, layout_concentric_octagons
Zot:3:    layout_basic
Zot:4:    layout_cathedral_of_symmetry, hangedman_zot_decor_unnerving_road
Zot:5:    layout_gridlike

Table legend:
 A = Turns spent in this place as a percentage of turns spent in the entire game.
 B = Non-inter-level travel turns spent in this place as a percentage of non-inter-level travel turns spent in the entire game.
 C = Inter-level travel turns spent in this place as a percentage of turns spent in this place.
 D = Turns resting spent in this place as a percentage of non-inter-level travel turns spent in this place.
 E = Turns spent auto-exploring this place as a percentage of non-inter-level travel turns spent in this place.
 F = Non-inter-level travel turns spent in this place divided by the number of levels of this place that you've seen.
                   A       B       C       D       E      F
               +-------+-------+-------+-------+-------+----------------------
         Total | 100.0 | 100.0 |  19.1 |  12.3 |  55.7 | 679.9
       Dungeon |  32.0 |  30.8 |  22.0 |   9.0 |  62.0 | 1117.8
        Temple |   0.2 |   0.2 |  29.7 |   0.0 |  94.0 |  83.0
          Lair |  17.4 |  16.3 |  24.0 |  13.0 |  64.8 | 1185.2
         Swamp |   4.6 |   5.4 |   4.7 |   2.6 |  70.8 | 779.0
        Shoals |   4.7 |   5.2 |  11.7 |  14.0 |  48.4 | 750.3
  Orcish Mines |   2.3 |   2.1 |  26.0 |   5.6 |  58.5 | 933.0
   Elven Halls |   9.3 |   9.2 |  20.3 |   8.5 |  58.1 | 1327.3
        Vaults |  10.2 |   9.4 |  25.0 |   7.7 |  64.6 | 1369.0
        Depths |   9.2 |   9.2 |  18.7 |  16.3 |  50.4 | 801.4
           Zot |   4.2 |   4.9 |   5.7 |  41.6 |  18.6 | 428.8
         Abyss |   1.1 |   1.3 |   0.0 |   7.6 |   2.4 | 582.0
      Ziggurat |   1.9 |   2.3 |   0.0 |  33.4 |   0.0 |  58.5
        Bazaar |   0.4 |   0.5 |   0.0 |   0.0 |  54.7 | 232.0
         Trove |   0.1 |   0.1 |   0.0 |   0.0 |   0.0 |  47.0
         Sewer |   1.0 |   1.2 |   0.0 |  15.3 |  28.9 | 522.0
      Ice Cave |   1.4 |   1.8 |   0.0 |  19.9 |  32.5 | 767.0
               +-------+-------+-------+-------+-------+----------------------

Table legend:
 A = Kills in this place as a percentage of kills in entire the game.
 B = Kills by you in this place as a percentage of kills by you in the entire game.
 C = Kills by friends in this place as a percentage of kills by friends in the entire game.
 D = Other kills in this place as a percentage of other kills in the entire game.
 E = Experience gained in this place as a percentage of experience gained in the entire game.
 F = Experience gained in this place divided by the number of levels of this place that you have seen.
                   A       B       C       D       E      F
               +-------+-------+-------+-------+-------+----------------------
         Total | 100.0 | 100.0 | 100.0 | 100.0 | 100.0 | 27695.7
       Dungeon |  17.1 |  11.9 |  81.1 |   8.3 |   4.2 | 6245.0
          Lair |  11.2 |  11.0 |  13.6 |   0.0 |   3.8 | 11295.3
         Swamp |   4.2 |   4.5 |   0.0 |  16.7 |   2.6 | 15630.0
        Shoals |   5.6 |   6.1 |   0.0 |   0.0 |   4.1 | 24230.0
  Orcish Mines |   2.5 |   2.6 |   0.0 |  16.7 |   1.4 | 24751.0
   Elven Halls |   8.6 |   9.4 |   0.0 |   0.0 |   9.1 | 53777.7
        Vaults |  16.8 |  18.2 |   0.0 |   8.3 |  19.7 | 116566.3
        Depths |  12.3 |  13.3 |   0.0 |  16.7 |  20.1 | 71336.6
           Zot |   6.6 |   7.1 |   0.0 |   8.3 |  21.0 | 74296.0
         Abyss |   1.9 |   2.0 |   0.0 |   0.0 |   0.8 | 14630.0
      Ziggurat |  10.3 |  11.1 |   0.0 |  25.0 |  12.7 | 13257.1
         Sewer |   0.5 |   0.1 |   5.3 |   0.0 |   0.0 | 136.0
      Ice Cave |   2.4 |   2.6 |   0.0 |   0.0 |   0.3 | 6149.0
               +-------+-------+-------+-------+-------+----------------------
